 Dungeon Crawl Stone Soup version 0.22.0-75-g3901e79 (webtiles) character file.

15206 maniek23 the Fighter (level 11, -7/165 HPs)
             Began as a Minotaur Fighter on Sept 15, 2018.
             Was an Elder of Trog.
             Hit by a large rock thrown by a cyclops (14 damage)
             ... on level 11 of the Dungeon.
             The game lasted 01:04:57 (10654 turns).

maniek23 the Fighter (Minotaur Fighter)            Turns: 10654, Time: 01:04:58

Health: -7/165     AC: 19    Str: 35    XL:     11   Next: 98%
Magic:  10/10      EV:  8    Int:  9    God:    Trog [****..]
Gold:   595        SH:  0    Dex: 10    Spells: 10/10 levels left

rFire    . . .     SeeInvis .   A - +4 battleaxe (curse)
rCold    . . .     Gourm    .   (shield currently unavailable)
rNeg     . . .     Faith    .   J - +0 plate armour
rPois    .         Spirit   .   s - +2 hat
rElec    .         Reflect  .   (no cloak)
rCorr    .         Harm     .   (no gloves)
MR       .....                  v - +0 pair of boots
Stlth    ..........             (no amulet)
HPRegen  0.37/turn              n - +6 ring of strength
MPRegen  0.12/turn              j - +4 ring of intelligence

@: berserking (expiring), very quick
A: retaliatory headbutt, horns 2, mutation resistance 1
a: Berserk, Trog's Hand, Brothers in Arms, Renounce Religion


You were on level 11 of the Dungeon.
You worshipped Trog.
Trog was greatly pleased with you.
You were near starving.

You visited 2 branches of the dungeon, and saw 12 of its levels.

You collected 595 gold pieces.

Inventory:

Hand Weapons
 a - a +1 war axe
 A - a cursed +4 battleaxe (weapon)
 D - a +1 shortbow of freezing
 M - a cursed +3 morningstar
Missiles
 m - 2 steel tomahawks (quivered)
 E - 126 arrows
Armour
 b - a +0 scale mail
 c - a +1 shield
 i - a +0 chain mail
 s - a +2 hat (worn)
 v - a +0 pair of boots (worn)
 J - a +0 plate armour (worn)
Jewellery
 j - a +4 ring of intelligence (right hand)
 n - a +6 ring of strength (left hand)
 y - a +3 ring of intelligence
Wands
 g - a wand of random effects (55)
 G - a wand of iceblast (13)
Scrolls
 k - 3 scrolls of enchant weapon
 l - 9 scrolls of teleportation
 o - 6 scrolls of remove curse
 p - 7 scrolls of identify
 w - 3 scrolls of random uselessness
 B - a scroll of acquirement {unknown}
 F - a scroll of magic mapping {unknown}
 H - a scroll of amnesia {unknown}
 K - a scroll of fear
Potions
 d - a potion of might
 e - 4 potions of haste
 h - 2 potions of magic
 q - 2 potions of brilliance
 r - 9 potions of curing
 t - 2 potions of cancellation
 u - 2 potions of invisibility
 x - a potion of resistance {unknown}
 z - 4 potions of heal wounds
 C - 2 potions of lignification
 I - a potion of flight {unknown}
Comestibles
 f - 16 rations
 L - 7 chunks of flesh


   Skills:
 * Level 14.2 Fighting
 + Level 10.7 Axes
 * Level 13.9 Armour
 - Level 6.9 Shields


You had 10 spell levels left.
You didn't know any spells.
Your spell library was empty.

Dungeon Overview and Level Annotations

Branches:
Dungeon (11/15)            Temple (1/1) D:7             Orc (0/2) D:10
   Lair: D:8-11

Altars:
Ashenzari
Cheibriados
Dithmenos
Elyvilon
Fedhas
Gozag
Hepliaklqana
Kikubaaqudgha
Makhleb
Nemelex Xobeh
Okawaru
Qazlal
Ru
Sif Muna
Trog
Uskayaw
Vehumet
Wu Jian
Xom
Yredelemnul
Zin
The Shining One

Shops:
D:8 }

Annotations:
D:11 Maurice


Innate Abilities, Weirdness & Mutations

You reflexively headbutt those who attack you in melee.
You have a pair of horns on your head.
You are somewhat resistant to further mutation.


Message History

The centaur warrior hits you but does no damage.
You barely miss the centaur warrior. You headbutt the centaur warrior!
The centaur warrior is almost dead.
You slice the centaur warrior!!
You kill the centaur warrior!
Trog accepts your kill.
The centaur warrior hits you with a shortbow.
* * * LOW HITPOINT WARNING * * *
You slice the centaur warrior!!
You kill the centaur warrior!
The centaur warrior's corpse shimmers and vanishes!
The cyclops throws a large rock.
The large rock hits you!
* * * LOW HITPOINT WARNING * * *
The rakshasa gestures at you. The orb of energy hits you!
* * * LOW HITPOINT WARNING * * *
The orb of energy explodes!
You feel a strong urge to attack something.
The cyclops throws a large rock.
The large rock hits you!
You die...

#.##..##..#.#####?#### ##....
#)###.....#.##.##.##.# ##.....
#.##........'[ā‰ˆ.Cā‰ˆ..ā‰ˆ#
####...... #.#..#......##.##.##.#
#......... ....##......#####.####
#......... .#.###......## .ā‰ˆ.
##..[..##.. .#.# #......R#######
##....#)##..
##.###......C)########....##.#...
..............(.@.........##.....
...#........)..........####......
.....##..####)..............#..##
...###... ##).........######..#
...##..#. #............#####..#
...##.# ##......##...........##
##### #....#..##...####......
..........##...#### #<##...
.....#######.#..######.###..


You could see a cyclops.

Vanquished Creatures
  A very ugly thing (D:9)
  Snorg (D:11)
  A centaur warrior (D:11)
  3 two-headed ogres
  The ghost of emiel the Fighter, a novice OgBe of Trog (D:9)
  Nergalle (D:11)
  Pikel (D:7)
  4 ugly things (D:9)
  A moth of wrath (shapeshifter) (D:9)
  A gargoyle (D:11)
  A komodo dragon (D:11)
  2 trolls
  A dream sheep (shapeshifter) (D:9)
  A hippogriff (D:7)
  A spriggan (D:7)
  A spriggan (shapeshifter) (D:9)
  A wyvern (D:11)
  A human (shapeshifter) (D:9)
  2 hungry ghosts
  2 neqoxecs (D:9)
  A warg (D:10)
  Duvessa (D:7)
  4 slaves (D:7)
  3 orc warriors
  An eye of draining (D:11)
  2 ice beasts (D:7)
  A black bear (D:7)
  A necrophage (D:11)
  3 ogres
  3 phantoms
  7 centaurs
  5 bullfrogs
  A bullfrog (shapeshifter) (D:9)
  Dowan (D:7)
  A wyvern skeleton (D:10)
  5 scorpions
  10 wights
  6 killer bees (D:7)
  3 howler monkeys
  A crimson imp (D:8)
  A centaur zombie (D:11)
  A jelly (D:5)
  7 orc priests
  3 bullfrog zombies
  3 hounds
  Crazy Yiuf (D:2)
  2 bullfrog skeletons
  A centaur skeleton (D:7)
  5 worker ants
  6 orc wizards
  4 iguanas
  3 hound zombies
  2 hound skeletons
  11 adders
  A howler monkey skeleton (D:7)
  4 shadow imps
  5 worms
  2 dart slugs
  5 leopard geckos
  44 orcs
  3 bats
  7 giant cockroaches
  11 goblins
  7 hobgoblins
  9 jackals
  9 kobolds
  7 quokkas
  A ball python (D:2)
  3 frilled lizards
  A quokka skeleton (D:9)
  7 rats
  A bush (D:6)
265 creatures vanquished.

Notes
Turn   | Place    | Note
-------+----------+-------------------------------------------
     0 | D:1      | maniek23 the Minotaur Fighter began the quest for the Orb.
     0 | D:1      | Reached XP level 1. HP: 19/19 MP: 0/0
    32 | D:1      | Reached XP level 2. HP: 27/27 MP: 1/1
   208 | D:1      | Reached skill level 4 in Fighting
   455 | D:1      | Reached XP level 3. HP: 33/33 MP: 2/2
   864 | D:2      | Found a bloodstained altar of Trog.
   874 | D:2      | Became a worshipper of Trog the Wrathful
   939 | D:2      | Found a runed door.
   943 | D:2      | Noticed Crazy Yiuf
   947 | D:2      | Killed Crazy Yiuf
   947 | D:2      | Reached XP level 4. HP: 39/41 MP: 3/3
  1415 | D:3      | Found a shadowy altar of Dithmenos.
  1434 | D:3      | Found an iron altar of Okawaru.
  1458 | D:3      | Reached skill level 5 in Fighting
  1667 | D:3      | Reached XP level 5. HP: 39/48 MP: 4/4
  1702 | D:3      | Found a shattered altar of Ashenzari.
  1737 | D:3      | Noticed a water elemental
  1738 | D:3      | Found a stormy altar of Qazlal.
  1741 | D:3      | Noticed an air elemental
  1741 | D:3      | Noticed a fire elemental
  1817 | D:3      | Found a white marble altar of Elyvilon.
  2007 | D:4      | Found a sparkling altar of Nemelex Xobeh.
  2007 | D:4      | Found an opulent altar of Gozag.
  2114 | D:4      | Reached XP level 6. HP: 43/57 MP: 5/5
  2141 | D:4      | Reached * piety under Trog
  2215 | D:4      | Reached skill level 6 in Fighting
  2215 | D:4      | Reached skill level 5 in Armour
  2701 | D:5      | Entered Level 5 of the Dungeon
  2752 | D:5      | Reached skill level 5 in Axes
  2761 | D:5      | Reached XP level 7. HP: 59/64 MP: 6/6
  3011 | D:5      | Reached skill level 5 in Shields
  3322 | D:5      | Reached skill level 7 in Fighting
  3628 | D:6      | Reached ** piety under Trog
  3780 | D:6      | Reached XP level 8. HP: 30/74 MP: 7/7
  4121 | D:6      | Found an ancient bone altar of Kikubaaqudgha.
  4143 | D:6      | Found a hazy altar of Hepliaklqana.
  4166 | D:6      | Found a sacrificial altar of Ru.
  4204 | D:6      | Reached skill level 8 in Fighting
  4710 | D:7      | Noticed Pikel
  4739 | D:7      | Killed Pikel
  4739 | D:7      | Reached skill level 9 in Fighting
  4907 | D:7      | Noticed a hippogriff
  4922 | D:7      | Killed a hippogriff
  4922 | D:7      | Reached XP level 9. HP: 83/83 MP: 8/8
  4963 | D:7      | Found a glowing golden altar of the Shining One.
  5244 | D:7      | Noticed a troll
  5258 | D:7      | Killed a troll
  5262 | D:7      | Reached skill level 10 in Fighting
  5489 | D:7      | Noticed Duvessa
  5489 | D:7      | Noticed Dowan
  5506 | D:7      | Killed Duvessa
  5512 | D:7      | Killed Dowan
  5787 | D:7      | Found a staircase to the Ecumenical Temple.
  5793 | Temple   | Entered the Ecumenical Temple
  5937 | D:7      | Reached skill level 10 in Armour
  6054 | D:7      | Reached *** piety under Trog
  6253 | D:8      | Found Tuze's Gadget Boutique.
  6370 | D:8      | Reached XP level 10. HP: 94/94 MP: 9/9
  6448 | D:8      | Reached skill level 11 in Fighting
  7071 | D:9      | Noticed an angel
  7072 | D:9      | Found a glowing silver altar of Zin.
  7227 | D:9      | Noticed a two-headed ogre
  7240 | D:9      | Killed a two-headed ogre
  7385 | D:9      | Found a hide-covered altar of Uskayaw.
  7402 | D:9      | Found a runed gate.
  7417 | D:9      | Found a runed gate.
  7417 | D:9      | Found a runed gate.
  7421 | D:9      | Noticed a brown ugly thing
  7424 | D:9      | Noticed a green ugly thing
  7424 | D:9      | Noticed a cyan ugly thing
  7424 | D:9      | Noticed a purple ugly thing
  7424 | D:9      | Noticed a red very ugly thing
  7578 | D:9      | Killed a brown very ugly thing
  7578 | D:9      | Reached skill level 12 in Fighting
  7585 | D:9      | Killed a red ugly thing
  7930 | D:9      | Killed a green ugly thing
  8315 | D:9      | Found a runed gate.
  8315 | D:9      | Found a runed gate.
  8317 | D:9      | Noticed a spiny frog
  8320 | D:9      | Found a runed gate.
  8322 | D:9      | Found the +2 robe of Vines {NoPotionHeal Regen+7}
  8323 | D:9      | Noticed emiel's ghost (novice OgBe)
  8328 | D:9      | Noticed a swamp dragon
  8328 | D:9      | a hippogriff changed into a swamp dragon
  8368 | D:9      | Killed a purple ugly thing
  8373 | D:9      | Killed a red ugly thing
  8373 | D:9      | Reached XP level 11. HP: 105/105 MP: 10/10
  8467 | D:9      | HP: 4/105 [emiel's ghost (26)]
  8839 | D:9      | Gained mutation: You are somewhat resistant to further
                  | mutation. [a neqoxec]
  8900 | D:9      | Killed emiel's ghost
  8927 | D:9      | Reached skill level 13 in Fighting
  8960 | D:10     | Entered Level 10 of the Dungeon
  9100 | D:10     | Found a staircase to the Orcish Mines.
  9165 | D:10     | Reached **** piety under Trog
  9941 | D:11     | Noticed Snorg
  9952 | D:11     | Killed Snorg
  9952 | D:11     | Reached skill level 10 in Axes
 10073 | D:11     | Noticed Maurice
 10262 | D:11     | Noticed Nergalle
 10278 | D:11     | Killed Nergalle
 10313 | D:11     | Noticed a two-headed ogre
 10325 | D:11     | Killed a two-headed ogre
 10503 | D:11     | Noticed a two-headed ogre
 10509 | D:11     | Killed a two-headed ogre
 10509 | D:11     | Reached skill level 14 in Fighting
 10619 | D:11     | Noticed a centaur warrior
 10623 | D:11     | Noticed a rakshasa
 10651 | D:11     | Killed a centaur warrior
 10652 | D:11     | HP: 6/165 [rakshasa/orb of energy (27)]
 10654 | D:11     | Hit by a large rock thrown by a cyclops

Skill      XL: |  1  2  3  4  5  6  7  8  9 10 11 |
---------------+----------------------------------+-----
Shields        | 4 5 6 |  6.9
Armour         | 4 5 6 8 10 12 13 | 13.9
Fighting       | 4 5 6 7 9 10 12 14 | 14.2
Axes           | 3 4 5 6 8 9 10 | 10.7

Action                   |  1- 3 |  4- 6 |  7- 9 | 10-12 || total
-------------------------+-------+-------+-------+-------++-------
Melee: War axe           |    93 |    71 |   151 |       ||   315
       Headbutt          |    12 |    35 |    45 |    57 ||   149
       Spear             |       |   111 |       |       ||   111
       Battleaxe         |       |       |    77 |   250 ||   327
Invok: Berserk           |       |       |     5 |     7 ||    12
       Trog's Hand       |       |       |       |     3 ||     3
  Use: Scroll            |       |     8 |     5 |     6 ||    19
       Potion            |       |       |       |     3 ||     3
  Eat: Chunk             |       |     6 |    17 |     9 ||    32
       Ration            |       |       |       |     5 ||     5
Armor: Scale mail        |    37 |    35 |       |       ||    72
       Chain mail        |       |    17 |   123 |    77 ||   217
       Plate armour      |       |       |       |    93 ||    93
Dodge: Dodged            |    31 |    37 |    75 |    95 ||   238
Block: Shield            |    47 |    77 |   111 |       ||   235
